 Dungeon Crawl Stone Soup version 0.30-a0-122-g2a1322497e (webtiles) character file.

Game seed: 18120316073672795157

84 AarnesTheHuman the Digger (level 4, -10/24 HPs)
             Began as a Gargoyle Earth Elementalist on Sept 17, 2022.
             Killed from afar by Ijyb (15 damage)
             ... with a bolt of light
             ... on level 3 of the Dungeon.
             The game lasted 00:04:18 (2160 turns).

AarnesTheHuman the Digger (GrEE)                    Turns: 2160, Time: 00:04:19

Health: -10/24     AC:  7    Str: 11    XL:     4   Next: 45%
Magic:  1/8        EV: 11    Int: 18    God:
Gold:   97         SH:  0    Dex: 10    Spells: 3/9 levels left

rFire   . . .      SeeInvis .    b - +0 dagger (holy)
rCold   . . .      Faith    .    (no shield)
rNeg    + . .      Spirit   .    c - +0 robe
rPois   ∞          Reflect  .    (no helmet)
rElec   +          Harm     .    k - +1 cloak
rCorr   .          Rampage  .    (no gloves)
Will    .....                    (no boots)
Stlth   +.........               (no amulet)
HPRegen 0.08/turn                (no ring)
MPRegen 0.11/turn                (no ring)

@: confused
A: sickness immunity, AC +3, negative energy resistance 1, electricity
resistance, torment resistance 1, petrification resistance
a: no special abilities


You were on level 3 of the Dungeon.
You visited 1 branch of the dungeon, and saw 3 of its levels.

You collected 97 gold pieces.

Inventory:

Hand Weapons
 a - a +0 club
 b - a +0 dagger of holy wrath (weapon)
 l - the +5 war axe of the World {antimagic, rF+ Str+5}
   (You found it on level 3 of the Dungeon)

   It reduces the magical energy of the wielder, and disrupts the spells and
   magical abilities of those it strikes.
   Natural abilities and divine invocations are not affected.
   Str:       It affects your strength (+5).
   rF:        It protects you from fire.
Missiles
 e - 10 stones (quivered)
 n - 6 poisoned darts
Armour
 c - a +0 robe (worn)
 k - a +1 cloak (worn)
Wands
 j - a wand of light (4)
Scrolls
 m - a scroll of identify {unknown}
 o - a scroll of butterflies {unknown}
Potions
 d - a potion of attraction {unknown}
 f - a potion of mutation {unknown}
 g - a potion of magic
 h - a potion of might {unknown}
 i - a potion of heal wounds {unknown}


   Skills:
 - Level 1.5 Dodging
 - Level 2.1 Stealth
 + Level 3.3 Spellcasting
 - Level 0.7 Transmutations
 + Level 5.0 Earth Magic


You had 3 spell levels left.
You knew the following spells:

 Your Spells              Type           Power      Damage    Failure   Level
a - Sandblast             Erth           42%        2d11      1%          1
b - Stone Arrow           Conj/Erth      24%        3d8       17%         3
c - Passwall              Tmut/Erth      10%        N/A       8%          2

Your spell library contained the following spells:

 Spells                   Type           Power      Damage    Failure   Level
 Necrotise                Necr           8%         1d4       16%         1
 Vampiric Draining        Necr           2%         2d6       43%         3
 Petrify                  Tmut/Erth      13%        N/A       43%         4
 Agony                    Necr           2%         N/A       99%         5


Dungeon Overview and Level Annotations

Branches:
Dungeon (3/15)

Altars:

Annotations:
D:3 Ijyb


Innate Abilities, Weirdness & Mutations

You are immune to sickness and miasma.
Your stone body is resilient. (AC +3)
You are immune to poison.
You resist negative energy. (rN+)
You are resistant to electric shocks. (rElec)
You are resistant to unholy torment.
You are immune to petrification.


Message History

Aiming: Sandblast (safe; 1% risk of failure)
Press: ? - help, Shift-Dir - straight line, f/p - Ijyb
Aim: Ijyb, wielding a +0 club, wearing a +0 scale mail and carrying a wand of light (15) (severely wounded, 81% to hit)
The blast of sand hits Ijyb but does no damage.
Ijyb is severely wounded.
Ijyb zaps a wand.
The bolt of light hits you!
Ouch! That really hurt!
The hobgoblin hits you but does no damage.
Ijyb barely misses you.
The hobgoblin hits you but does no damage.
Casting: Sandblast (safe; 1% risk of failure)
Confirm with . or Enter, or press ? or * to list all spells.
Aiming: Sandblast (safe; 1% risk of failure)
Press: ? - help, Shift-Dir - straight line, f/p - Ijyb
Aim: Ijyb, wielding a +0 club, wearing a +0 scale mail and carrying a wand of light (14) (severely wounded, 81% to hit)
The blast of sand hits Ijyb.
Ijyb is severely wounded.
The hobgoblin hits you.
* * * LOW HITPOINT WARNING * * *
Ijyb hits you but does no damage.
Casting: Sandblast (safe; 1% risk of failure)
Confirm with . or Enter, or press ? or * to list all spells.
Aiming: Sandblast (safe; 1% risk of failure)
Press: ? - help, Shift-Dir - straight line, f/p - Ijyb
Aim: Ijyb, wielding a +0 club, wearing a +0 scale mail and carrying a wand of light (14) (severely wounded, 81% to hit)
The blast of sand hits Ijyb.
Ijyb is severely wounded.
Ijyb barely misses you. The hobgoblin closely misses you.
The hobgoblin misses you.
Ijyb zaps a wand.
The bolt of light misses you.
Casting: Sandblast (safe; 1% risk of failure)
Confirm with . or Enter, or press ? or * to list all spells.
You don't have enough magic to cast this spell.
Unknown command.
Unknown command.
You hit Ijyb but do no damage.
Ijyb is severely wounded.
Ijyb zaps a wand.
The bolt of light hits you!
You are confused.
Ouch! That really hurt!
You die...

...........#
###..........#
#.......#$...#
#.......$...####
#########...............
..................?.....
......##........#.......
......#.........#g......
.......#........@g......
#.##....)...##......?...
#.##...#....##.....#.#..
#.##....>...##.....#.#.
..##.#..<..###.....#...
.....#.....#...........
...........#...........
...........#...........
....................##


You could see Ijyb and a hobgoblin.

Vanquished Creatures
  Jessica (D:2)
  A dart slug (D:2)
  3 worms
  4 ball pythons
  2 bats (D:1)
  3 endoplasms (D:1)
  4 giant cockroaches
  4 goblins
  4 hobgoblins
  4 jackals
  6 kobolds
  A quokka (D:2)
  2 frilled lizards
  4 rats
43 creatures vanquished.

Notes
Turn   | Place    | Note
-------+----------+-------------------------------------------
     0 | D:1      | AarnesTheHuman the Gargoyle Earth Elementalist began the
                  | quest for the Orb.
     0 | D:1      | Reached XP level 1. HP: 10/10 MP: 3/3
   100 | D:1      | Found a faded altar of an unknown god.
   113 | D:1      | Reached XP level 2. HP: 14/15 MP: 0/5
   184 | D:1      | Reached skill level 4 in Earth Magic
  1078 | D:1      | Reached XP level 3. HP: 12/19 MP: 4/6
  1082 | D:1      | Learned a level 3 spell: Stone Arrow
  1085 | D:1      | Learned a level 2 spell: Passwall
  1580 | D:2      | Noticed Jessica
  1581 | D:2      | Killed Jessica
  1582 | D:2      | Reached XP level 4. HP: 24/24 MP: 4/8
  1728 | D:2      | Reached skill level 5 in Earth Magic
  1916 | D:3      | Identified the +5 war axe of the World {antimagic, rF+
                  | Str+5}
  2145 | D:3      | Noticed Ijyb
  2160 | D:3      | Killed from afar by Ijyb

Illustrated notes

Levels and vault maps discovered:
D:1:      lightli_arrival_quake, layout_loops_cross,
          shapermc_ecumenical_altar_starsandcircs
D:2:      layout_rooms, uniq_jessica
D:3:      layout_basic, kennysheep_generic_room_2, uniq_ijyb,
          uniq_crazy_yiuf_cottage

Skill      XL: |  1  2  3  4 |
---------------+-------------+-----
Earth Magic    | 4 5 |  5.0
Spellcasting   | 3 |  3.3
Dodging        | |  1.5
Stealth        | |  2.1
Transmutations | |  0.7

Action                   |  1- 3 |  4- 6 || total
-------------------------+-------+-------++-------
Melee: Club              |    16 |       ||    16
       Dagger            |     3 |     1 ||     4
Throw: Stone             |       |     1 ||     1
 Cast: Sandblast         |    47 |    20 ||    67
       Stone Arrow       |     1 |     1 ||     2
Armor: Robe              |    18 |     4 ||    22
Dodge: Dodged            |    27 |     9 ||    36

Table legend: (Time is in decaauts)
 A = Elapsed time spent in this place.
 B = Non-inter-level travel time spent in this place.
 C = Inter-level travel time spent in this place.
 D = Time resting spent in this place.
 E = Time spent auto-exploring this place.
 F = Levels seen in this place.
 G = Mean time per level.
                   A        B        C        D        E       F      G
               +--------+--------+--------+--------+--------+-----+--------+
         Total |   2196 |   2112 |     84 |    276 |   1494 |   3 |  732.0 |
       Dungeon |   2196 |   2112 |     84 |    276 |   1494 |   3 |  732.0 |
               +--------+--------+--------+--------+--------+-----+--------+

Top non-repeatable levels by time:
     D:1: 1251 daAuts
     D:2: 683 daAuts
     D:3: 261 daAuts
